cohdb
Replays
Latest Replays
All Replays
Popular Replays
Top Player Replays
Match Explorer
How It Works
Community
CoH3 Stats
Reddit
Sign in to upload your games and track your stats! →
Sign in with Steam
Match 44071598
Unlisted
Match 44071598
Overview
Messages
Build Orders
End
Pioneer Squad
Pioneer Squad
Construct Infanterie Kompanie
Grenadier Squad
MG 42 Machine Gun Team
Medical Station
Grenadier Squad
Infanterie Officer Quarters
Construct Panzergrenadier Kompanie
Panzergrenadier Squad
Pak 40 Anti-tank Gun Team
Panzergrenadier Squad
Construct Panzer Kompanie
Stoßtruppen Squad
Panzer IV Medium Tank
Selects Breakthrough Battlegroup
Selects Rapid Production
Selects Blitzkrieg
Selects Assault Grenadiers
Selects Breakthrough
Selects Incendiary Bombing Run
Incendiary Bombing Run
Pak 40 Anti-tank Gun Team
Pak 40 Anti-tank Gun Team
jgl
Epinephrine
DrewP
Dillbro
0
0
Comments
sign in to comment!
No comments posted yet!